 Dungeon Crawl Stone Soup version 0.16-b1-50-gfa2055b (webtiles) character file.

607737 talyn the Conqueror (level 26, -10/212 HPs)
             Began as a Grey Draconian Berserker on Mar 9, 2015.
             Was the Champion of Trog.
             Mangled by an Orb Guardian (41 damage)
             ... on level 5 of the Realm of Zot on Mar 12, 2015.
             The game lasted 05:09:13 (70103 turns).

talyn the Conqueror (Grey Draconian Berserker)     Turns: 70103, Time: 05:09:13

Health: -10/212    AC: 35    Str: 29    XL:     26   Next: 67%
Magic:  41/41      EV: 36    Int:  4    God:    Trog [******]
Gold:   4849       SH:  0    Dex: 22    Spells: 0 memorised, 25 levels left

rFire  . . .     SeeInvis +     a - +8 great mace (protect)
rCold  + . .     Clarity  +     (armour unavailable)
rNeg   + . .     SustAb   .     (no shield)
rPois  +         Gourm    .     G - +2 hat
rElec  +         Spirit   .     g - +2 cloak
rCorr  .         Warding  .     w - +2 pair of gloves {Str+3}
rMut   .         Stasis   .     V - +4 pair of boots of the Moon {rC+}
MR     +....     NoCast   +     e - amulet of clarity
Stlth  +.........               D - ring of Due Proportion {-Cast rN+ Int-3 Dex+5 Slay+5 SInv}
                                E - ring "Bevikk" {rElec rPois Slay+2}

@: about to teleport, somewhat resistant to hostile enchantments, very
unstealthy
A: walk through water, unfitting armour, frail 2, unbreathing, cold-blooded, AC
+17
a: Burn Spellbooks, Berserk, Trog's Hand, Brothers in Arms, Renounce Religion
0: Orb of Zot
}: 3/15 runes: serpentine, barnacled, silver


You were on level 5 of the Realm of Zot.
You worshipped Trog.
Trog was exalted by your worship.
You were not hungry.

You visited 8 branches of the dungeon, and saw 52 of its levels.
You visited the Abyss 2 times.
You also visited: Wizlab.

You collected 7900 gold pieces.
You spent 3051 gold pieces at shops.

Inventory:

Hand weapons
 a - a +8 great mace of protection (weapon)
Armour
 g - a +2 cloak (worn)
 w - a +2 pair of gloves of strength (worn)
 G - a +2 hat (worn)
 V - the +4 pair of boots of the Moon (worn) {rC+}
   (You bought it in a shop on level 8 of the Dungeon)

   It protects you from cold.
Jewellery
 e - an amulet of clarity (around neck)
 D - the ring of Due Proportion (right hand) {-Cast rN+ Int-3 Dex+5 Slay+5 SInv}
   (You bought it in a shop on level 4 of the Orcish Mines)

   [ring of see invisible]

   It affects your intelligence (-3).
   It affects your dexterity (+5).
   It affects your accuracy and damage with ranged weapons and melee attacks
   (+5).
   It protects you from negative energy.
   It enhances your eyesight.
   It prevents spellcasting.
 E - the ring "Bevikk" (left hand) {rElec rPois Slay+2}
   (You took it off an ironbrand convoker on level 5 of the Vaults)

   [ring of slaying]

   It affects your accuracy and damage with ranged weapons and melee attacks
   (+2).
   It insulates you from electricity.
   It protects you from poison.
Magical devices
 b - a wand of hasting (0)
 c - a wand of slowing (15)
 p - a wand of heal wounds (0)
 s - a wand of confusion (24)
 v - a wand of teleportation (9)
 z - a wand of digging (9)
 A - a wand of disintegration (8)
 F - a wand of disintegration (10)
 H - a wand of confusion (6)
 I - a wand of slowing (9)
 J - a wand of frost (30)
 L - a wand of confusion (38)
 M - a wand of draining (1)
 O - a wand of draining (7)
 P - a wand of confusion (9)
 W - a wand of fire (5)
 Z - a wand of fireball (4)
Scrolls
 h - 5 scrolls of magic mapping
 j - 17 scrolls of teleportation
 k - 24 scrolls of remove curse
 y - 2 scrolls of recharging
 B - 3 scrolls of summoning
 Q - 3 scrolls of blinking
 R - 2 scrolls of holy word
 X - 5 scrolls of fog
Potions
 d - 6 potions of agility
 f - 12 potions of curing
 i - 2 potions of cure mutation
 l - 2 potions of flight
 n - 5 potions of restore abilities
 q - 4 potions of cancellation
 t - 3 potions of haste
 x - 4 potions of magic
 K - 3 potions of invisibility
 Y - a potion of resistance
Miscellaneous
 m - a stone of tremors
 u - a box of beasts {used: 1}
 N - a phial of floods
 S - a phantom mirror
Comestibles
 o - 23 fruits


   Skills:
 O Level 27 Fighting
 - Level 20.0 Maces & Flails
 + Level 25.0 Dodging
 - Level 5.0 Unarmed Combat
 - Level 20.0 Evocations


You had 25 spell levels left.
You didn't know any spells.

Dungeon Overview and Level Annotations

Branches:
Dungeon (15/15)            Temple (0/1) D:4            Lair (8/8) D:9
 Shoals (5/5) Lair:5        Snake (5/5) Lair:3        Slime (0/6) Lair:6
    Orc (4/4) D:11            Elf (0/3) Orc:4        Vaults (5/5) D:13
  Crypt (0/3) Vaults:2     Depths (5/5) D:15            Zot (5/5) Depths:5

Altars:
Nemelex Xobeh
Okawaru
Ru
Sif Muna
Trog
The Shining One
Beogh
Jiyva
Lugonu

Shops:
D:7 }   D:8 [   D:11 :   D:15 :   Orc:4 =(?}   Vaults:3 ?!   Depths:1 :
Depths:4 (

Portals:
Hell: Depths:1 Depths:2 Depths:3 Depths:4 Depths:5
Abyss: Depths:4 Depths:5
Pandemonium: Depths:3 Depths:5
Ziggurat: Depths:2


Innate Abilities, Weirdness & Mutations

You can walk through water.
Your dull iron-grey scales are very hard (AC +17).
Your body does not fit into most forms of armour.
You can survive without breathing.
Your cold-blooded metabolism reacts poorly to cold.
You are very frail (-20% HP).


Message History

The red devil completely misses you.
The moth of wrath completely misses you.
The Orb Guardian completely misses you.
The orb of fire glows red.
The bolt of fire misses you.
Evoke which item? (* to show all) (? for menu, Esc to quit)
Zapping:
p - a wand of heal wounds (1)
Press: ? - help, Shift-Dir - straight line, f - you You feel much better.
This wand has 0 charges left.
The Orb Guardian hits you!!
* * * LOW HITPOINT WARNING * * *
The moth of wrath closely misses you. The red devil completely misses you.
The Orb Guardian barely misses you.
The orb of fire glows yellow.
Strange energies course through your body.
You feel frail. The Orb Guardian completely misses you.
A large abomination comes into view.
Zuakkuf comes into view.
The Orb Guardian hits you!!!
You die...

,,,**,,,,** ##...)##.....
,,,,***,,,*##########...###......
,,,,,***,,.............###.......
,,,,,* **.............## #.......
,,,,,* #.............# #.......
,,,,,* *#.......).4.## #.?.....
,,,,,* #......*....# #.......
,,,,,* ##......yX...## *,.[....
,,,,** #.......@.....# **,,,,,,
,,,** ##.............## **,,,,,
,,** #...............# **,,,,
###▓▓▓▓########.######## *****
......................#* *,,,,
###....####............* *,,,,
###....# *#...X&.......** *,,,,
.##..(.# #.............,* *,,,,
..#....#*#............,,** **,,,,


You could see Zuakkuf, an orb of fire, an Orb Guardian (berserk), a moth of
wrath, a large abomination and a red devil.

Vanquished Creatures
  2 orbs of fire
  2 ancient liches (Zot:5)
  Boris (Depths:5)
  Norris (Snake:3)
  Saint Roka (Shoals:5)
  2 Killer Klowns
  3 curse toes
  Mara (Snake:3)
  12 golden dragons
  Jory (Vaults:3)
  A bone dragon (Abyss:1)
  Frederick (Vaults:4)
  the Enchantress (Depths:5)
  5 electric golems
  A Hellbinder (WizLab)
  5 liches
  18 Orb Guardians (Zot:5)
  16 tentacled monstrosities
  6 titans
  Vashnia (Snake:2)
  2 quicksilver dragons
  Polyphemus (Shoals:3)
  2 sphinxes
  2 tentacled starspawn (Abyss:1)
  A kraken (Shoals:1)
  Agnes (Snake:3)
  9 shadow dragons
  17 storm dragons
  Kirke (Shoals:4)
  Frances (Snake:2)
  5 tengu reavers
  3 draconian monks
  17 fire giants
  A ghost moth (shapeshifter) (Vaults:3)
  7 frost giants
  2 ghost moths
  Donald (Shoals:3)
  24 vault wardens
  7 greater nagas
  4 iron dragons
  8 draconian scorchers
  2 balrugs
  Aizul (Snake:1)
  3 draconian knights
  2 draconian zealots (Zot:4)
  Gastronok (Lair:3)
  6 emperor scorpions
  2 cacodemons (WizLab)
  A deep elf sorcerer (Vaults:5)
  15 ironheart preservers
  3 draconian annihilators
  2 spriggan defenders (Depths:5)
  A war gargoyle (Vaults:5)
  2 draconian callers
  15 stone giants
  10 grey draconians
  11 very ugly things
  4 draconian shifters (Zot:4)
  A vampire knight (Depths:2)
  8 green draconians
  8 black draconians
  3 dire elephants
  2 deep elf demonologists
  12 mottled draconians
  A lorocyproca (WizLab)
  A deep elf annihilator (Vaults:5)
  3 yellow draconians
  6 purple draconians
  7 red draconians
  8 pale draconians
  11 white draconians
  5 ettins (Vaults:5)
  7 merfolk javelineers
  6 small abominations
  3 deep elf death magi
  Snorg (D:15)
  A crystal guardian (Vaults:2)
  2 minotaurs
  14 fire dragons
  9 merfolk impalers
  37 vault guards
  3 deep elf high priests (Vaults:5)
  15 ice dragons
  6 hydras
  17 death cobs
  Fannar (Lair:7)
  Harold (Lair:3)
  15 yaktaur captains
  11 naga warriors
  4 catoblepae
  3 spriggan air magi
  6 great orbs of eyes
  7 merfolk avatars
  12 ogre magi
  2 alligator snapping turtles
  Erica (D:12)
  2 rakshasas
  10 anacondas
  8 merfolk aquamancers
  6 deep troll shamans
  3 tengu warriors
  A satyr (Shoals:4)
  15 death yaks
  9 deep troll earth magi
  A dancing weapon (Vaults:5)
  2 vampire magi
  12 centaur warriors
  A hell beast (WizLab)
  3 soul eaters (WizLab)
  14 naga sharpshooters
  Urug (D:13)
  A shock serpent (shapeshifter) (Vaults:5)
  2 orc high priests
  3 spriggan berserkers
  5 sun demons
  Nergalle (Lair:5)
  4 shock serpents
  5 unseen horrors
  7 deep elf knights
  2 fire crabs
  3 wretched stars (Abyss:1)
  7 salamander mystics
  An ice devil (WizLab)
  21 hell knights
  A golden dragon zombie (Abyss:1)
  An iron troll (Depths:1)
  3 shadow wraiths
  Erolcha (D:12)
  A death drake (Zot:4)
  An unseen horror (shapeshifter) (D:13)
  13 sea snakes
  3 giant orange brains
  33 deep trolls
  3 wizards
  4 lindwurms (Snake:5)
  2 naga ritualists
  14 hill giants
  A deep elf summoner (Depths:2)
  20 ironbrand convokers
  Pikel (D:5)
  12 harpies
  21 orc knights
  4 necromancers
  5 deep elf conjurers
  8 mana vipers
  A wolf spider (Vaults:5)
  A wolf spider (shapeshifter) (Vaults:5)
  21 griffons
  4 orc sorcerers
  2 phantasmal warriors (Vaults:5)
  A hornet (shapeshifter) (Vaults:5)
  A shining eye (shapeshifter) (Vaults:5)
  A faun (shapeshifter) (Vaults:5)
  12 salamanders
  8 cyclopes
  2 guardian serpents (Snake:5)
  22 ugly things
  16 fauns
  12 manticores
  3 hornets
  3 rust devils
  3 elephants (Lair:4)
  Maurice (D:12)
  4 drowned souls
  22 moths of wrath
  A toenail golem (Abyss:1)
  16 vault sentinels
  3 centaur zombies
  8 water nymphs
  9 sirens
  A torpor snail (Depths:3)
  2 smoke demons (Abyss:1)
  3 orange demons
  An orange crystal statue (Zot:5)
  A torpor snail (shapeshifter) (Vaults:5)
  30 black mambas
  A yaktaur (shapeshifter) (Vaults:1)
  2 tormentors
  24 naga magi
  7 kobold demonologists
  59 yaktaurs
  A komodo dragon (shapeshifter) (Vaults:3)
  8 spiny frogs
  8 komodo dragons
  6 deep elf priests
  2 hellwings (Depths:3)
  9 freezing wraiths
  3 fire drakes
  2 tengu conjurers
  4 large abominations
  A wolf spider simulacrum (Abyss:1)
  5 red devils
  20 blink frogs
  2 polar bears
  A spriggan druid (Lair:8)
  41 merfolk
  25 two-headed ogres
  25 slime creatures
  8 trolls
  A raiju (shapeshifter) (Depths:3)
  A baby alligator (shapeshifter) (Vaults:2)
  4 blue devils
  4 boulder beetles
  7 wind drakes
  11 snapping turtles
  7 ravens
  3 basilisks
  A trapdoor spider zombie (D:13)
  2 shadows (D:13)
  3 air elementals (Depths:5)
  A tarantella (shapeshifter) (Vaults:3)
  A trapdoor spider (D:14)
  A flying skull (Abyss:1)
  8 redbacks
  16 spriggans
  8 deep elf magi
  42 yaks
  A fire bat (shapeshifter) (Vaults:4)
  22 water elementals
  4 wraiths
  18 hippogriffs
  A fire bat (Shoals:5)
  6 ynoxinuls
  A hog (shapeshifter) (Vaults:1)
  25 wolves
  A vampire (Vaults:2)
  2 chaos spawn
  8 deep elf fighters
  A neqoxec (Abyss:1)
  2 hungry ghosts
  44 nagas
  A soldier ant (shapeshifter) (Vaults:1)
  5 insubstantial wisps (Abyss:1)
  6 wargs
  11 vampire mosquitoes
  The ghost of talyn the Changer, an average OpTm (D:3)
  2 soldier ants
  2 mottled dragons (Vaults:1)
  16 porcupines
  28 water moccasins
  3 sky beasts
  5 wasps
  7 black bears
  66 orc warriors
  2 phantoms
  5 ice beasts
  7 boggarts (Vaults:1)
  60 ogres
  An eye of draining (D:10)
  18 crocodiles
  2 boring beetles
  31 centaurs
  Sigmund (D:7)
  A lost soul (Vaults:5)
  A yaktaur zombie (Vaults:2)
  7 big kobolds
  Blork the orc (D:8)
  13 giant frogs
  13 wights
  A wyvern skeleton (D:8)
  21 killer bees
  A scorpion (D:8)
  2 electric eels (Lair:4)
  3 crimson imps
  A wyvern simulacrum (D:15)
  2 goliath beetles
  3 quasits
  26 orc priests
  4 jellies
  16 hounds
  2 giant frog skeletons (D:12)
  A gnoll shaman (D:4)
  A centaur skeleton (D:12)
  8 iguanas
  35 orc wizards
  7 sheep
  12 worker ants
  Ijyb (D:3)
  10 gnolls
  27 adders
  4 giant mites
  A white imp (Abyss:1)
  22 river rats
  4 shadow imps
  2 worms (D:3)
  7 ufetubi
  An adder skeleton (D:8)
  An adder zombie (D:5)
  3 giant geckos
  An ooze (D:2)
  236 orcs
  3 ball pythons
  2 bat zombies
  2 giant cockroaches
  21 hobgoblins
  28 kobolds
  13 quokkas
  16 bats
  A giant gecko skeleton (D:8)
  5 giant newts
  22 goblins
  10 jackals
  A lurking horror (Abyss:1)
  13 rats
  3 plants
2498 creatures vanquished.

Vanquished Creatures (collateral kills)
  2 Orb Guardians (Zot:5)
  Wiglaf (Snake:5)
  A draconian scorcher (Zot:2)
  A ghoul (Vaults:2)
  A spriggan defender (Depths:5)
  2 draconian shifters
  A very ugly thing (Vaults:5)
  2 black draconians (Zot:4)
  A fire dragon (Zot:5)
  4 vault guards
  A merfolk impaler (Shoals:4)
  A deep elf high priest (Vaults:5)
  A naga warrior (Snake:5)
  A spriggan air mage (Depths:5)
  2 anacondas (Snake:5)
  3 death yaks
  A shock serpent (Snake:5)
  An ogre mage (Vaults:4)
  4 naga sharpshooters
  3 hell knights (Depths:2)
  A deep troll (Vaults:5)
  A cyclops (Shoals:5)
  2 deep elf conjurers (Vaults:4)
  2 griffons
  An orc sorcerer (Shoals:5)
  A phantasmal warrior (Vaults:5)
  A mana viper (Snake:5)
  A faun (Shoals:2)
  2 manticores (Shoals:5)
  A salamander (Snake:5)
  A water nymph (Shoals:5)
  3 guardian serpents (Snake:5)
  7 black mambas (Snake:5)
  5 yaktaurs
  8 merfolk
  A deep elf priest (Vaults:4)
  A two-headed ogre (Vaults:4)
  A troll (Shoals:5)
  A wind drake (Shoals:3)
  2 water elementals (Shoals:5)
  4 yaks (Lair:5)
  A wraith (Vaults:2)
  A naga (Snake:5)
  A neqoxec (Vaults:5)
  A warg (Orc:4)
  A water moccasin (Snake:5)
  8 orc warriors
  3 ogres
  4 centaurs
  A yaktaur zombie (Vaults:2)
  2 orc wizards
  A sheep (Shoals:5)
  5 river rats (Lair:7)
  A sheep zombie (Shoals:5)
  15 orcs
126 creatures vanquished.

Vanquished Creatures (others)
  A tengu reaver (Vaults:5)
  Ilsuiw (Shoals:5)
  3 stone giants
  A deep troll earth mage (Depths:5)
  An iron troll (Vaults:2)
  5 deep trolls
  A necromancer (Depths:2)
  A sixfirhy (WizLab)
  33 drowned souls
  A komodo dragon (shapeshifter) (Depths:2)
  3 trolls
  A two-headed ogre (Shoals:5)
  A spriggan (Depths:5)
  2 ogres
  2 lost souls (Vaults:2)
  An orc (Orc:2)
  A goblin (D:5)
  2 butterflies (Zot:5)
  3 fungi
  3 plants
  2 starspawn tentacles (Abyss:1)
69 creatures vanquished.

Grand Total: 2693 creatures vanquished

Notes
Turn   | Place    | Note
--------------------------------------------------------------
     0 | D:1      | talyn, the Draconian Berserker, began the quest for the Orb.
     0 | D:1      | Reached XP level 1. HP: 19/19 MP: 1/1
    76 | D:1      | Reached XP level 2. HP: 10/26 MP: 2/2
   490 | D:1      | Acquired Trog's second power
   750 | D:2      | Reached XP level 3. HP: 25/33 MP: 3/3
   837 | D:2      | Reached skill level 4 in Fighting
  1348 | D:2      | Reached XP level 4. HP: 41/41 MP: 4/4
  1870 | D:3      | Noticed Ijyb
  1878 | D:3      | Killed Ijyb
  1917 | D:3      | Noticed talyn's ghost (average OpTm)
  1925 | D:3      | Killed talyn's ghost
  1925 | D:3      | Reached skill level 5 in Fighting
  1925 | D:3      | Reached skill level 5 in Maces & Flails
  1925 | D:3      | Reached XP level 5. HP: 42/48 MP: 5/5
  2313 | D:3      | Reached XP level 6. HP: 40/56 MP: 6/6
  2797 | D:4      | Acquired Trog's third power
  2925 | D:4      | Found a staircase to the Ecumenical Temple.
  3032 | D:4      | Reached skill level 6 in Maces & Flails
  3316 | D:4      | Your scales start taking on a dull iron-grey colour.
  3316 | D:4      | Gained mutation: You can survive without breathing. [draconian maturity]
  3316 | D:4      | Reached XP level 7. HP: 61/61 MP: 7/7
  3925 | D:5      | Entered Level 5 of the Dungeon
  4394 | D:5      | Reached skill level 5 in Dodging
  4397 | D:5      | Reached skill level 7 in Maces & Flails
  4714 | D:5      | Noticed Pikel
  4733 | D:5      | Killed Pikel
  4733 | D:5      | Reached skill level 8 in Maces & Flails
  4733 | D:5      | Reached XP level 8. HP: 52/68 MP: 8/8
  4970 | D:6      | Found a sparkling altar of Nemelex Xobeh.
  5045 | D:6      | Found a glowing golden altar of the Shining One.
  5305 | D:6      | Reached skill level 1 in Unarmed Combat
  5528 | D:6      | Reached skill level 9 in Maces & Flails
  5841 | D:6      | Reached XP level 9. HP: 74/74 MP: 9/9
  6375 | D:7      | Noticed Sigmund
  6384 | D:7      | Killed Sigmund
  6583 | D:7      | Found Aghaahut's Gadget Shop.
  6925 | D:8      | Received a gift from Trog
  7011 | D:8      | Reached skill level 10 in Maces & Flails
  7030 | D:8      | Reached skill level 5 in Unarmed Combat
  7099 | D:8      | Reached skill level 1 in Evocations
  7354 | D:8      | Noticed Blork the orc
  7358 | D:8      | Killed Blork the orc
  7451 | D:8      | Found Upuc Loo's Armour Shoppe.
  7760 | D:9      | Found a staircase to the Lair.
  7776 | D:9      | Reached XP level 10. HP: 81/81 MP: 17/17
  7825 | D:9      | Received a gift from Trog
  7827 | D:9      | Found a sacrificial altar of Ru.
  8139 | Lair:1   | Entered Level 1 of the Lair of Beasts
  8176 | Lair:1   | Reached skill level 11 in Maces & Flails
  8176 | Lair:1   | Reached skill level 5 in Evocations
  9150 | Lair:2   | Received a gift from Trog
  9185 | Lair:2   | Found a deep blue altar of Sif Muna.
  9267 | Lair:2   | Reached skill level 12 in Maces & Flails
  9461 | Lair:2   | Found a bloodstained altar of Trog.
  9772 | Lair:2   | Reached XP level 11. HP: 88/88 MP: 22/22
 10214 | Lair:3   | Reached skill level 13 in Maces & Flails
 10218 | Lair:3   | Received a gift from Trog
 10511 | Lair:3   | Found a staircase to the Snake Pit.
 10518 | Lair:3   | Reached skill level 10 in Evocations
 10529 | Lair:3   | Noticed Gastronok
 10541 | Lair:3   | Killed Gastronok
 10845 | Lair:3   | Noticed an eight-headed hydra
 10849 | Lair:3   | Killed an eight-headed hydra
 11190 | Lair:3   | Noticed Harold
 11195 | Lair:3   | Killed Harold
 11195 | Lair:3   | Reached XP level 12. HP: 95/97 MP: 25/25
 11646 | Lair:4   | Reached skill level 14 in Maces & Flails
 12193 | Lair:4   | Noticed a five-headed hydra
 12199 | Lair:4   | Killed a five-headed hydra
 12873 | Lair:5   | Received a gift from Trog
 12988 | Lair:5   | Found a staircase to the Shoals.
 13036 | Lair:5   | Noticed Nergalle
 13050 | Lair:5   | Killed Nergalle
 13818 | Lair:6   | Reached skill level 15 in Maces & Flails
 13823 | Lair:6   | Noticed an eight-headed hydra
 13831 | Lair:6   | Killed an eight-headed hydra
 14093 | Lair:6   | Found a staircase to the Slime Pits.
 14094 | Lair:6   | Found a viscous altar of Jiyva.
 14243 | Lair:1   | Reached XP level 13. HP: 104/104 MP: 26/26
 14351 | D:8      | Bought the +4 pair of boots of the Moon {rC+} for 500 gold pieces
 14561 | Lair:6   | Noticed a catoblepas
 14584 | Lair:5   | Killed a catoblepas
 15402 | Lair:6   | Reached skill level 10 in Dodging
 15477 | Lair:7   | Reached skill level 16 in Maces & Flails
 15485 | Lair:7   | Received a gift from Trog
 15708 | Lair:7   | Noticed Fannar
 15718 | Lair:7   | Killed Fannar
 16718 | Lair:7   | Gained mutation: You are somewhat resistant to further mutation. [potion of beneficial mutation]
 16722 | Lair:7   | Upgraded the game from 0.16-b1-35-g32f0a1a to 0.16-b1-49-gc2c1aff
 16725 | Lair:8   | Entered Level 8 of the Lair of Beasts
 16949 | Lair:8   | Reached skill level 17 in Maces & Flails
 17550 | Lair:8   | Reached XP level 14. HP: 101/111 MP: 27/27
 17655 | Lair:8   | Reached skill level 18 in Maces & Flails
 18281 | D:10     | Entered Level 10 of the Dungeon
 18285 | D:10     | Received a gift from Trog
 18542 | D:10     | Received a gift from Trog
 18548 | D:10     | Found a roughly hewn altar of Beogh.
 19162 | D:11     | Found Xeschae's Book Shop.
 19242 | D:11     | Found a staircase to the Orcish Mines.
 19362 | D:11     | You fall through a shaft for 2 floors!
 19380 | D:13     | Found a gate to the Vaults.
 19562 | D:13     | Noticed Urug
 19577 | D:13     | Killed Urug
 19658 | D:11     | Received a gift from Trog
 20188 | D:12     | Noticed Maurice
 20198 | D:12     | Killed Maurice
 20208 | D:12     | Identified a scroll of acquirement
 20231 | D:12     | Noticed Erolcha
 20236 | D:12     | Killed Erolcha
 20236 | D:12     | Reached skill level 19 in Maces & Flails
 20255 | D:12     | Noticed Erica
 20262 | D:12     | Killed Erica
 21003 | D:13     | Received a gift from Trog
 21371 | D:13     | Found an iron altar of Okawaru.
 22683 | D:14     | Received a gift from Trog
 22869 | D:14     | Reached skill level 20 in Maces & Flails
 23359 | D:15     | Entered Level 15 of the Dungeon
 23377 | D:15     | Noticed Snorg
 23389 | D:15     | Killed Snorg
 23393 | D:15     | Reached XP level 15. HP: 111/117 MP: 29/29
 24061 | D:15     | Found Priol's Book Boutique.
 24412 | D:15     | Found a staircase to the Depths.
 24886 | Orc:1    | Entered Level 1 of the Orcish Mines
 25056 | Orc:1    | Received a gift from Trog
 25633 | Orc:2    | Found a roughly hewn altar of Beogh.
 25892 | Orc:3    | Received a gift from Trog
 26204 | Orc:4    | Entered Level 4 of the Orcish Mines
 26204 | Orc:4    | Found a staircase to the Elven Halls.
 26392 | Orc:4    | Received a gift from Trog
 26465 | Orc:4    | Found Osiafy's Gadget Shop.
 26494 | Orc:4    | Found Shaeb's Magic Scroll Emporium.
 26540 | Orc:4    | Bought a scroll of teleportation for 42 gold pieces
 26540 | Orc:4    | Bought a scroll of teleportation for 42 gold pieces
 26540 | Orc:4    | Bought a scroll of teleportation for 42 gold pieces
 26609 | Orc:4    | Received a gift from Trog
 26611 | Orc:4    | Got a steaming triple sword {god gift}
 26612 | Orc:4    | Identified the -1 triple sword of the Mosquito {drain, rPois rF++} (Trog gifted it to you on level 4 of the Orcish Mines)
 26755 | Orc:4    | Found a roughly hewn altar of Beogh.
 26765 | Orc:4    | Found Throalua's Weapon Shop.
 26778 | Orc:4    | Found Cuokufao's Jewellery Emporium.
 26826 | Orc:4    | Bought a +5 ring of protection for 935 gold pieces
 26826 | Orc:4    | Bought the ring of Due Proportion {-Cast rN+ Int-3 Dex+5 Slay+5 SInv} for 754 gold pieces
 27227 | Orc:3    | Received a gift from Trog
 27681 | Shoals:1 | Entered Level 1 of the Shoals
 28087 | Shoals:1 | Noticed a kraken
 28100 | Shoals:1 | Killed a kraken
 28898 | Shoals:2 | Received a gift from Trog
 29395 | Shoals:2 | Reached XP level 16. HP: 86/124 MP: 31/31
 30243 | Shoals:3 | Noticed Polyphemus
 30263 | Shoals:3 | Killed Polyphemus
 30747 | Shoals:3 | Noticed Donald
 30756 | Shoals:3 | Killed Donald
 31151 | Shoals:3 | Received a gift from Trog
 31898 | Shoals:4 | Noticed Kirke
 31905 | Shoals:4 | Killed Kirke
 31952 | Shoals:4 | Reached skill level 10 in Fighting
 32422 | Shoals:4 | Received a gift from Trog
 32767 | Snake:1  | Entered Level 1 of the Snake Pit
 32839 | Snake:1  | Noticed Aizul
 32855 | Snake:1  | Killed Aizul
 33101 | Snake:1  | Reached XP level 17. HP: 137/141 MP: 33/33
 33479 | Snake:2  | Reached skill level 15 in Evocations
 33482 | Snake:2  | Noticed Vashnia
 34163 | Snake:2  | Killed Vashnia
 34332 | Snake:2  | Noticed Frances
 34343 | Snake:2  | Killed Frances
 34381 | Snake:2  | Received a gift from Trog
 34382 | Snake:2  | Got a twisted dire flail {god gift}
 34383 | Snake:2  | Identified the +9 dire flail of Pragmatism {drain, -Tele rElec Dex+6} (Trog gifted it to you on level 2 of the Snake Pit)
 34819 | Snake:3  | Noticed Norris
 34824 | Snake:3  | Killed Norris
 35133 | Snake:3  | Noticed Mara
 35140 | Snake:3  | Noticed talyn's illusion
 35145 | Snake:3  | Killed Mara
 35698 | Snake:3  | Noticed Agnes
 35709 | Snake:3  | Killed Agnes
 36205 | Snake:4  | Received a gift from Trog
 37076 | Snake:5  | Entered Level 5 of the Snake Pit
 37466 | Snake:5  | Noticed Wiglaf
 37474 | Snake:5  | Received a gift from Trog
 37487 | Snake:5  | Killed Wiglaf
 38128 | Snake:5  | Reached XP level 18. HP: 158/160 MP: 35/35
 38717 | Snake:5  | Received a gift from Trog
 39110 | Snake:5  | Reached skill level 15 in Fighting
 39483 | Snake:5  | Received a gift from Trog
 39516 | Snake:5  | Got a serpentine rune of Zot
 40201 | Vaults:1 | Entered Level 1 of the Vaults
 41258 | Vaults:1 | Received a gift from Trog
 42169 | Vaults:1 | Received a gift from Trog
 42749 | Vaults:2 | Found a staircase to the Crypt.
 42750 | Vaults:2 | Reached XP level 19. HP: 165/170 MP: 37/37
 43088 | Vaults:2 | Received a gift from Trog
 43799 | Vaults:2 | Received a gift from Trog
 44587 | Vaults:3 | Noticed Jory
 44594 | Vaults:3 | Killed Jory
 44617 | Vaults:3 | Found Osan's Magic Scroll Shoppe.
 44625 | Vaults:3 | Bought 2 scrolls of recharging for 304 gold pieces
 44693 | Vaults:3 | Found a magical portal.
 44696 | WizLab   | Entered The Hall of Kloroniu the Hellbinder
 45300 | WizLab   | Found a burning altar of Makhleb.
 45328 | WizLab   | Received a gift from Trog
 45367 | WizLab   | Identified a +0 rod of shadows (13/13) (You found it in a wizard's laboratory)
 46194 | Vaults:3 | Found Mnogh's Distillery.
 46315 | Vaults:3 | Bought a potion of might for 72 gold pieces
 46315 | Vaults:3 | Bought a potion of haste for 180 gold pieces
 46315 | Vaults:3 | Bought a potion of resistance for 180 gold pieces
 46466 | Vaults:3 | Reached XP level 20. HP: 187/187 MP: 4/38
 46827 | Vaults:4 | Received a gift from Trog
 47149 | Vaults:4 | Reached skill level 15 in Dodging
 47467 | Vaults:4 | Received a gift from Trog
 47723 | Vaults:4 | Cast into the Abyss (a deep elf demonologist)
 47914 | Abyss:1  | Lost intelligence.
 48236 | Vaults:4 | Escaped the Abyss
 48369 | Vaults:4 | Noticed Frederick
 48374 | Vaults:4 | Killed Frederick
 48374 | Vaults:4 | Received a gift from Trog
 49282 | Shoals:5 | Entered Level 5 of the Shoals
 49284 | Shoals:5 | Noticed Saint Roka
 49299 | Shoals:5 | Killed Saint Roka
 49771 | Shoals:5 | Received a gift from Trog
 50075 | Shoals:5 | Noticed Ilsuiw
 50096 | Shoals:5 | Killed Ilsuiw
 50113 | Shoals:5 | HP: 8/193 [wind drake/the air (11)]
 50118 | Shoals:5 | HP: 7/193 [poisoned by a sea snake]
 50123 | Shoals:5 | HP: 7/193 [poisoned by a sea snake]
 50131 | Shoals:5 | HP: 9/193 [poisoned by a sea snake]
 50627 | Shoals:5 | Cast into the Abyss (merfolk impaler)
 50627 | Abyss:1  | Found a corrupted altar of Lugonu.
 50772 | Shoals:5 | Escaped the Abyss
 50786 | Shoals:5 | Got a barnacled rune of Zot
 50793 | Shoals:5 | Reached XP level 21. HP: 112/201 MP: 39/39
 51801 | Vaults:5 | Entered Level 5 of the Vaults
 52286 | Vaults:5 | Received a gift from Trog
 52314 | Vaults:5 | Reached skill level 21 in Fighting
 53061 | Vaults:5 | Gained mutation: Your wings are large and strong. [a shining eye]
 53573 | Vaults:5 | Received a gift from Trog
 54371 | Vaults:5 | Reached XP level 22. HP: 196/215 MP: 39/39
 54423 | Vaults:5 | Received a gift from Trog
 54754 | Vaults:5 | Reached skill level 22 in Fighting
 55257 | Vaults:5 | Got a silver rune of Zot
 55577 | Vaults:5 | Received a gift from Trog
 55820 | Vaults:5 | Got a flickering tin ring
 55822 | Vaults:5 | Identified the ring "Bevikk" {rElec rPois Slay+2} (You took it off an ironbrand convoker on level 5 of the Vaults)
 55932 | Vaults:5 | Got a brightly glowing jade ring
 55934 | Vaults:5 | Identified the ring "Gesaig" {+/*Tele Int+3} (You took it off a vault warden on level 5 of the Vaults)
 55941 | Vaults:5 | Got a jewelled dire flail
 55942 | Vaults:5 | Identified the cursed -1 dire flail of Cowardice {freeze, rElec MR- MP+9 Stlth+} (You took it off a vault warden on level 5 of the Vaults)
 56624 | Depths:1 | Entered Level 1 of the Depths
 56625 | Depths:1 | Upgraded the game from 0.16-b1-49-gc2c1aff to 0.16-b1-50-gfa2055b
 56638 | Depths:1 | Found a corrupted altar of Lugonu.
 57041 | Depths:1 | Received a gift from Trog
 57055 | Depths:1 | Reached skill level 23 in Fighting
 57557 | Depths:1 | Found a gateway to Hell.
 57654 | Depths:1 | Found Illuhinuna's Book Shop.
 58160 | Depths:2 | Reached XP level 23. HP: 163/226 MP: 40/40
 58391 | Depths:2 | Received a gift from Trog
 58609 | Depths:2 | Found a gateway to a ziggurat.
 59073 | Depths:2 | Received a gift from Trog
 60075 | Depths:3 | Found a one-way gate leading to the halls of Pandemonium.
 60795 | Depths:3 | Reached skill level 24 in Fighting
 61122 | Depths:3 | Received a gift from Trog
 61950 | Depths:4 | Received a gift from Trog
 62404 | Depths:4 | Found Guowatua's Antique Weapon Shoppe.
 62490 | Depths:4 | Found a one-way gate to the infinite horrors of the Abyss.
 62559 | Depths:4 | Reached XP level 24. HP: 240/240 MP: 40/40
 62837 | Depths:5 | Entered Level 5 of the Depths
 62837 | Depths:5 | Noticed the Enchantress
 62872 | Depths:5 | Killed the Enchantress
 62878 | Depths:5 | Received a gift from Trog
 63166 | Depths:5 | Noticed Boris
 63177 | Depths:5 | Killed Boris
 63179 | Depths:5 | Reached skill level 25 in Fighting
 63904 | Depths:5 | Found a gate to the Realm of Zot.
 64121 | Zot:1    | Entered Level 1 of the Realm of Zot
 64677 | Zot:1    | Received a gift from Trog
 65534 | Zot:2    | Reached skill level 26 in Fighting
 65934 | Zot:2    | Reached XP level 25. HP: 222/253 MP: 41/41
 66639 | Zot:2    | Noticed an orb of fire
 66644 | Zot:2    | Gained mutation: Your body is slowly deteriorating. [an orb of fire]
 66648 | Zot:2    | Killed an orb of fire
 66981 | Zot:2    | Lost mutation: Your body is slowly deteriorating. [potion of cure mutation]
 66981 | Zot:2    | Lost mutation: You are somewhat resistant to further mutation. [potion of cure mutation]
 66981 | Zot:2    | Lost mutation: Your wings are large and strong. [potion of cure mutation]
 67166 | Zot:3    | Received a gift from Trog
 67904 | Zot:4    | Reached skill level 27 in Fighting
 68355 | Zot:4    | Received a gift from Trog
 68585 | Zot:4    | Reached XP level 26. HP: 166/266 MP: 35/41
 69281 | Zot:5    | Entered Level 5 of the Realm of Zot
 69667 | Zot:5    | Noticed an ancient lich
 69668 | Zot:5    | Noticed an orb of fire
 69671 | Zot:5    | Killed an orb of fire
 69673 | Zot:5    | Killed an ancient lich
 69676 | Zot:5    | Noticed an ancient lich
 69682 | Zot:5    | Killed an ancient lich
 70058 | Zot:5    | Noticed an orb of fire
 70058 | Zot:5    | Got the Orb of Zot
 70064 | Zot:5    | Gained mutation: You are frail (-10% HP). [an orb of fire]
 70069 | Zot:5    | Noticed Weipsas the pandemonium lord
 70095 | Zot:5    | HP: 7/239 [orb of fire/fireball (63)]
 70102 | Zot:5    | Gained mutation: You are very frail (-20% HP). [an orb of fire]
 70103 | Zot:5    | Noticed Zuakkuf the pandemonium lord
 70103 | Zot:5    | Mangled by an Orb Guardian

Action                   |  1- 3 |  4- 6 |  7- 9 | 10-12 | 13-15 | 16-18 | 19-21 | 22-24 | 25-27 || total
-------------------------+-------+-------+-------+-------+-------+-------+-------+-------+-------++-------
Melee: Mace              |    90 |   104 |       |       |       |       |       |       |       ||   194
       Flail             |       |    52 |   113 |       |       |       |       |       |       ||   165
       Whip              |       |       |   224 |       |       |       |       |       |       ||   224
       Morningstar       |       |       |    70 |    57 |       |       |       |       |       ||   127
       Dire flail        |       |       |    12 |       |       |    38 |       |       |       ||    50
       Great mace        |       |       |       |   369 |  1173 |   979 |  1215 |  1081 |   485 ||  5302
       Unarmed           |       |       |       |       |    71 |       |       |       |       ||    71
Invok: Trog's Hand       |       |     3 |     8 |     3 |    10 |     7 |     8 |     5 |     2 ||    46
       Berserk           |       |     2 |     2 |     1 |     5 |       |     6 |     5 |       ||    21
       Burn Spellbooks   |       |       |     2 |       |     5 |     2 |     4 |     5 |     2 ||    20
       Brothers in Arms  |       |       |       |     2 |     6 |     7 |     8 |     4 |     6 ||    33
Evoke: Wand              |       |       |       |       |     6 |    85 |    29 |    12 |    23 ||   155
       Box of beasts     |       |       |       |       |       |       |       |     1 |       ||     1
  Use: Scroll            |     3 |     6 |     6 |    12 |    27 |    17 |     5 |    13 |    10 ||    99
       Potion            |       |     2 |       |     1 |     8 |    11 |     3 |     9 |     3 ||    37
 Stab: Sleeping          |       |     4 |     8 |     2 |     1 |     1 |     1 |     1 |     1 ||    19
       Distracted        |       |       |     1 |       |     1 |     3 |     1 |     2 |     2 ||    10
       Confused          |       |       |       |       |     1 |     5 |     2 |       |       ||     8
       Invisible         |       |       |       |       |       |     3 |       |     8 |       ||    11
  Eat: Meat ration       |     1 |       |     1 |     2 |     4 |     3 |     2 |     3 |       ||    16
       Bread ration      |       |     1 |     3 |     1 |     8 |     4 |     5 |     2 |     3 ||    27
       Beef jerky        |       |       |     1 |     3 |     2 |     5 |     2 |     1 |       ||    14
       Fruit             |       |       |     1 |       |       |       |       |     9 |     1 ||    11
       Pizza             |       |       |       |     1 |     1 |     2 |       |     2 |       ||     6
       Royal jelly       |       |       |       |       |       |       |     6 |     4 |       ||    10
